 Dungeon Crawl Stone Soup version 0.30-a0-364-gf6b3ef1049 (webtiles) character file.

Game seed: 8619631298594403872

20435 retardedninja the Cleaver (level 12, -3/115 HPs)
             Began as a Hill Orc Fighter on Nov 15, 2022.
             Was an Initiate of Gozag.
             Slain by a fire elemental (9 damage)
             ... led by Azrael
             ... on level 12 of the Dungeon.
             The game lasted 00:26:53 (17751 turns).

retardedninja the Cleaver (Hill Orc Fighter)       Turns: 17751, Time: 00:26:53

Health: -3/115     AC: 19    Str: 36    XL:     12   Next: 79%
Magic:  12/12      EV:  6    Int:  8    God:    Gozag
Gold:   2470       SH: 16    Dex: 10    Spells: 11/11 levels left

rFire   . . .      SeeInvis .    u - +5 broad axe (vorpal)
rCold   . . .      Faith    .    G - +0 tower shield
rNeg    . . .      Spirit   .    t - +0 plate armour
rPois   .          Reflect  .    z - +0 hat {Will+}
rElec   .          Harm     .    q - +0 cloak
rCorr   .          Rampage  +    (no gloves)
Will    +....                    B - +1 pair of boots {rampage}
Stlth   ..........               (no amulet)
HPRegen 0.39/turn                A - +6 ring of strength
MPRegen 0.13/turn                n - +6 ring of strength

@: about to teleport
A: no striking features
a: Renounce Religion, Potion Petition, Call Merchant, Bribe Branch


You were on level 12 of the Dungeon.
You worshipped Gozag.
Gozag was most pleased with you.
You visited 2 branches of the dungeon, and saw 15 of its levels.
You also visited: Ossuary.

You collected 2829 gold pieces.
You paid 359 gold pieces to Gozag.

Inventory:

Hand Weapons
 u - a +5 vorpal broad axe (weapon)
Armour
 c - a +0 buckler
 q - a +0 cloak (worn)
 t - a +0 plate armour (worn)
 z - a +0 hat of willpower (worn)
 B - a +1 pair of boots of rampaging (worn)
 G - a +0 tower shield (worn)
Jewellery
 f - a ring of resist corrosion
 m - the amulet "Xium" {Acrobat rN+ Int+2 Dex-3}
   (You found it on level 12 of the Dungeon)

   [amulet of the acrobat]

   It increases your evasion while moving and waiting.
   Int:       It affects your intelligence (+2).
   Dex:       It affects your dexterity (-3).
   rN:        It protects you from negative energy.
 n - a +6 ring of strength (right hand)
 A - a +6 ring of strength (left hand)
Wands
 d - a wand of roots (2)
 o - a wand of charming (4)
 r - a wand of flame (8)
 s - a wand of mindburst (1) (quivered)
Scrolls
 a - 2 scrolls of immolation
 h - 3 scrolls of amnesia
 i - 3 scrolls of teleportation
 k - 6 scrolls of magic mapping
 w - 6 scrolls of identify
 y - a scroll of poison
 D - a scroll of vulnerability {unknown}
Potions
 b - a potion of brilliance
 e - 2 potions of cancellation
 j - a potion of resistance
 l - 4 potions of mutation
 p - 3 potions of flight
 x - 6 potions of degeneration
 C - a potion of ambrosia


   Skills:
 + Level 13.0 Fighting
 + Level 13.8 Axes
 + Level 11.9 Armour
 + Level 12.0 Shields


You had 11 spell levels left.
You didn't know any spells.
Your spell library contained the following spells:

 Spells                   Type           Power      Damage    Failure   Level
 Apportation              Tloc           0%         N/A       100%        1
 Kiss of Death            Conj/Necr      0%         2d5       100%        1
 Necrotise                Necr           0%         1d4       100%        1
 Summon Small Mammal      Summ           0%         N/A       100%        1
 Confusing Touch          Hex            0%         N/A       100%        3
 Gell's Gravitas          Tloc           0%         N/A       100%        3
 Lesser Beckoning         Tloc           0%         N/A       100%        3
 Teleport Other           Tloc           0%         N/A       100%        3
 Dispel Undead            Necr           0%         3d6       100%        4


Dungeon Overview and Level Annotations

Branches:
Dungeon (14/15)            Temple (1/1) D:7            Lair (0/5) D:9
    Orc (0/2) D:12        Ossuary (visited)
 Vaults: D:13-14

Altars:
Ashenzari
Cheibriados
Dithmenos
Elyvilon
Fedhas
Gozag
Hepliaklqana
Kikubaaqudgha
Makhleb
Nemelex Xobeh
Okawaru
Qazlal
Ru
Sif Muna
Trog
Uskayaw
Vehumet
Wu Jian
Xom
Yredelemnul
Zin
The Shining One

Annotations:
D:12 Azrael


Message History

You feel strangely unstable.
You are covered in liquid flames!
* * * LOW HITPOINT WARNING * * *
You block the hell hound's attack.
Azrael hits you with a +3 scimitar of flaming.
* * * LOW HITPOINT WARNING * * *
Azrael burns you.
* * * LOW HITPOINT WARNING * * *
The fire elemental hits you. The fire elemental burns you!
* * * LOW HITPOINT WARNING * * *
You block the fire elemental's attack.
The hell hound bites you but does no damage.
Azrael barely misses you.
You feel better.
You are covered in liquid flames!
* * * LOW HITPOINT WARNING * * *
The fire elemental barely misses you. The fire elemental hits you.
The fire elemental burns you!
* * * LOW HITPOINT WARNING * * *
The hell hound barely misses you.
Azrael hits you with a +3 scimitar of flaming!
* * * LOW HITPOINT WARNING * * *
Azrael burns you.
* * * LOW HITPOINT WARNING * * *
Unknown command.
You feel better. The hell hound breathes flames at you.
The blast of flame hits you.
* * * LOW HITPOINT WARNING * * *
The fire elemental hits you. The fire elemental burns you!
* * * LOW HITPOINT WARNING * * *
You block the fire elemental's attack.
Azrael hits you with a +3 scimitar of flaming.
* * * LOW HITPOINT WARNING * * *
Azrael burns you.
* * * LOW HITPOINT WARNING * * *
You block the fire elemental's attack. The hell hound barely misses you.
The fire elemental hits you. The fire elemental burns you!
You die...
Your body crumbles into a pile of gold.

##..###########~###########.
#..........................
#..............##..........
#........##....##....##....
#........##..........##....
#.........................#
#........................)#
#........ERh...............
#........E@................
#..........)...............
#...##.......)...>.........
##..##.....................
#.........................
#..............###........
#....##..........)........
#....##...................
#.........##..........##..


You could see Azrael (fast), 2 fire elementals and a hell hound.

Vanquished Creatures
  Gastronok (D:10)
  2 centaur warriors (D:13)
  4 two-headed ogres
  Pikel (D:5)
  A manticore (D:13)
  An ugly thing (D:13)
  2 cyclopes
  An unseen horror (D:13)
  A rime drake (D:9)
  3 gargoyles
  A komodo dragon (D:12)
  8 trolls
  A polar bear (D:9)
  6 slime creatures
  A shadow (D:11)
  3 water elementals (D:12)
  5 wraiths
  8 yaks (D:8)
  A basilisk (D:13)
  A human (D:12)
  A steam dragon (D:8)
  2 fire elementals (D:12)
  2 wyverns (D:9)
  2 wargs (D:12)
  Menkaure (D:6)
  2 vampire mosquitoes (D:12)
  An acid dragon (D:10)
  Duvessa (D:5)
  A hell hound (D:12)
  A water moccasin (D:8)
  5 ice beasts
  4 orc warriors
  2 black bears
  2 sky beasts
  A wolf (D:9)
  An ogre (D:3)
  5 centaurs
  3 lemures (D:5)
  3 kobold brigands
  A bullfrog (D:8)
  2 necrophages
  4 elf zombies (Ossuary)
  2 scorpions
  10 wights
  Dowan (D:5)
  6 killer bees
  A howler monkey (D:3)
  5 electric eels
  2 centaur zombies (Ossuary)
  3 jellies
  A human zombie (Ossuary)
  A hound (D:5)
  11 orc priests
  7 iguanas
  6 orc wizards
  2 mummies (Ossuary)
  6 gnolls (D:5)
  9 adders
  2 shadow imps (D:6)
  A white imp (D:6)
  3 ufetubi
  An adder zombie (Ossuary)
  A worm (D:2)
  5 dart slugs
  36 orcs
  7 ball pythons
  4 bats
  6 endoplasms
  2 giant cockroaches
  3 goblins
  7 hobgoblins
  11 jackals
  19 kobolds
  A quokka (D:4)
  4 frilled lizards (D:1)
  A goblin zombie (Ossuary)
  8 hobgoblin zombies (Ossuary)
  2 jackal zombies (Ossuary)
  8 kobold zombies (Ossuary)
  9 orc zombies (Ossuary)
  6 rats
  A spectral kobold (D:3)
320 creatures vanquished.

Vanquished Creatures (others)
  An ugly thing (D:12)
  An iguana (D:6)
  An orc wizard (D:12)
  3 orcs (D:12)
6 creatures vanquished.

Grand Total: 326 creatures vanquished

Notes
Turn   | Place    | Note
-------+----------+-------------------------------------------
     0 | D:1      | retardedninja the Hill Orc Fighter began the quest for the
                  | Orb.
     0 | D:1      | Reached XP level 1. HP: 19/19 MP: 1/1
   199 | D:1      | Reached XP level 2. HP: 27/27 MP: 2/2
   487 | D:1      | Reached XP level 3. HP: 33/33 MP: 3/3
  1114 | D:2      | Reached XP level 4. HP: 38/40 MP: 4/4
  1501 | D:3      | Reached XP level 5. HP: 32/47 MP: 5/5
  1995 | D:3      | Found a faded altar of an unknown god.
  2322 | D:4      | Noticed a black bear
  2331 | D:3      | Killed a black bear
  2332 | D:3      | Reached skill level 5 in Fighting
  2332 | D:3      | Reached XP level 6. HP: 45/56 MP: 6/6
  2358 | D:4      | Found an iron altar of Okawaru.
  2394 | D:4      | Found an ornate altar of the Wu Jian Council.
  2402 | D:4      | Found an opulent altar of Gozag.
  2450 | D:4      | Became a worshipper of Gozag Ym Sagoz the Greedy
  2578 | D:4      | Reached skill level 5 in Axes
  2647 | D:3      | Reached skill level 5 in Armour
  2647 | D:3      | Reached skill level 5 in Shields
  3106 | D:4      | Reached XP level 7. HP: 61/61 MP: 7/7
  3463 | D:5      | Entered Level 5 of the Dungeon
  3911 | D:5      | Found a glowing golden altar of the Shining One.
  4076 | D:5      | Reached XP level 8. HP: 66/71 MP: 8/8
  4321 | D:5      | Noticed Pikel
  4338 | D:5      | Killed Pikel
  4562 | D:5      | Noticed Dowan
  4566 | D:5      | Noticed Duvessa
  4567 | D:5      | Killed Dowan
  4577 | D:5      | Killed Duvessa
  5093 | D:6      | Reached XP level 9. HP: 9/79 MP: 9/9
  5464 | D:6      | Found a sand-covered staircase.
  5470 | Ossuary  | Entered an ossuary
  5840 | D:6      | Noticed Menkaure
  5856 | D:6      | Killed Menkaure
  5864 | D:6      | HP: 4/82 [poisoned by you (poison gas)]
  6540 | D:6      | Found a radiant altar of Vehumet.
  7700 | D:7      | Reached XP level 10. HP: 91/91 MP: 10/10
  7704 | D:7      | Identified the +0 robe of the Eternal Fruit {Drain Int+5}
  8188 | D:7      | Found a staircase to the Ecumenical Temple.
  8210 | Temple   | Entered the Ecumenical Temple
  8857 | D:8      | Found a bloodstained altar of Trog.
  8943 | D:8      | Reached skill level 10 in Axes
  9472 | D:8      | Reached skill level 10 in Fighting
  9914 | D:9      | Found a staircase to the Lair.
  9993 | D:9      | Reached XP level 11. HP: 101/101 MP: 11/11
 10162 | D:9      | Found a basalt altar of Yredelemnul.
 10163 | D:9      | Found a sparkling altar of Nemelex Xobeh.
 10163 | D:9      | Found a burning altar of Makhleb.
 10164 | D:9      | Found a shimmering altar of Xom.
 10372 | D:9      | Noticed a cyan ugly thing
 10555 | D:10     | Entered Level 10 of the Dungeon
 11452 | D:10     | Noticed Gastronok
 11467 | D:10     | Killed Gastronok
 11468 | D:10     | Reached skill level 10 in Armour
 11468 | D:10     | Reached skill level 10 in Shields
 12358 | D:11     | Noticed a two-headed ogre
 12370 | D:11     | Killed a two-headed ogre
 12799 | D:11     | Noticed a two-headed ogre
 12806 | D:11     | Killed a two-headed ogre
 13399 | D:11     | Noticed a cyclops
 13705 | D:11     | Killed a cyclops
 13890 | D:11     | You fall into a shaft and drop 3 floors!
 14360 | D:12     | Noticed a cyclops
 14366 | D:12     | Noticed a two-headed ogre
 14398 | D:12     | Noticed a two-headed ogre
 14422 | D:13     | Reached XP level 12. HP: 21/112 MP: 12/12
 15010 | D:13     | Noticed a centaur warrior
 15021 | D:13     | Killed a centaur warrior
 15262 | D:13     | Noticed a centaur warrior
 15281 | D:13     | Killed a centaur warrior
 15494 | D:13     | Killed a two-headed ogre
 15508 | D:13     | Killed a two-headed ogre
 16449 | D:12     | Found a shimmering altar of Xom.
 16452 | D:12     | Found a shimmering altar of Xom.
 17220 | D:12     | Identified the amulet "Xium" {Acrobat rN+ Int+2 Dex-3}
 17275 | D:12     | Found a staircase to the Orcish Mines.
 17376 | D:12     | Noticed Azrael
 17751 | D:12     | Slain by a fire elemental

Illustrated notes

Levels and vault maps discovered:
D:1:      ncdulo_smallfort, layout_loops_ring, chequers_serial_rivers_room_b
D:2:      layout_basic
D:3:      layout_basic, dreamdust_ecumenical_altar_drowned_temple,
          grunt_ministairs_15
D:4:      layout_cave_pools, grunt_temple_overflow_open,
          hangedman_abyss_or_decor_stabs
D:5:      layout_cave_pods, mainiacjoe_overflow_cross_hatched, uniq_pikel,
          uniq_duvessa
D:6:      cheibrodos_helix_gallery, layout_layer_cave, old_standard_altar,
          enter_ossuary_2, uniq_menkaure
D:7:      layout_basic, minmay_temple_entry_enclosed_plants
D:8:      layout_basic, mainiacjoe_overflow_alcove_1
D:9:      layout_irregular_city, chequers_temple_overflow_statue_of_worship,
          hellmonk_lair_entry_icy, serial_column_ruins, column_ruins_hut,
          column_ruins_hut, column_ruins_open_tiny, column_ruins_open_medium,
          column_ruins_corridor_dead_end, column_ruins_corridor_straight,
          column_ruins_open_medium_water, column_ruins_open_small,
          grunt_tough_drop
D:10:     layout_gridville, uniq_gastronok
D:11:     layout_rooms, special_room [special_room_orc]
D:12:     layout_basic, erik_orc_4, xom_redecorated, uniq_azrael
D:13:     layout_rooms
D:14:     layout_roguey, david_vaults_3, minmay_strange_pillars,
          kennysheep_cross_bottleneck
Temple:   hc_temple_tempest_star

Skill      XL: |  1  2  3  4  5  6  7  8  9 10 11 12 |
---------------+-------------------------------------+-----
Axes           | 3 4 5 6 7 9 11 12 13 | 13.8
Fighting       | 4 5 6 7 9 10 11 13 | 13.0
Armour         | 4 5 6 8 9 10 11 | 11.9
Shields        | 4 5 6 8 9 10 12 | 12.0

Action                   |  1- 3 |  4- 6 |  7- 9 | 10-12 || total
-------------------------+-------+-------+-------+-------++-------
Melee: War axe           |    99 |   135 |    14 |       ||   248
       Broad axe         |       |       |   286 |   406 ||   692
Invok: Potion Petition   |       |       |     1 |       ||     1
Evoke: Wand              |       |       |       |     5 ||     5
  Use: Scroll            |       |     8 |    11 |    12 ||    31
       Potion            |       |     2 |    14 |    10 ||    26
 Stab: Distracted        |       |       |     2 |       ||     2
       Invisible         |       |       |     1 |     4 ||     5
Armor: Scale mail        |    44 |    68 |    55 |       ||   167
       Plate armour      |       |       |   107 |   240 ||   347
       Skin              |       |       |    14 |       ||    14
Dodge: Dodged            |    55 |    74 |   126 |   146 ||   401
Block: Buckler           |    21 |    41 |    79 |    88 ||   229
       Tower shield      |       |       |       |   159 ||   159

Table legend: (Time is in decaauts)
 A = Elapsed time spent in this place.
 B = Non-inter-level travel time spent in this place.
 C = Inter-level travel time spent in this place.
 D = Time resting spent in this place.
 E = Time spent auto-exploring this place.
 F = Levels seen in this place.
 G = Mean time per level.
                   A        B        C        D        E       F      G
               +--------+--------+--------+--------+--------+-----+--------+
         Total |  17936 |  17555 |    381 |   6056 |   8785 |  16 | 1121.0 |
       Dungeon |  17297 |  16944 |    353 |   6056 |   8372 |  14 | 1235.5 |
        Temple |    303 |    276 |     27 |      0 |    263 |   1 |  303.0 |
       Ossuary |    335 |    335 |      0 |      0 |    150 |   1 |  335.0 |
               +--------+--------+--------+--------+--------+-----+--------+

Top non-repeatable levels by time:
     D:5: 2100 daAuts
    D:13: 2065 daAuts
    D:10: 1874 daAuts
    D:12: 1834 daAuts
     D:6: 1727 daAuts
     D:3: 1359 daAuts
    D:11: 1157 daAuts
     D:9: 1118 daAuts
     D:8: 1092 daAuts
     D:1: 769 daAuts
     D:7: 747 daAuts
     D:2: 736 daAuts
     D:4: 694 daAuts
 Ossuary: 335 daAuts
  Temple: 303 daAuts
